 Dungeon Sprint DCSS version 0.31.0-11-ge490571c62 (webtiles) character file.

Game seed: 16462429175029592765

300 SmokeWeed the Blocker (level 6, -20/60 HPs)
             Began as a Minotaur Fighter on Feb 3, 2024.
             Was an Initiate of Okawaru.
             Demolished by a two-headed ogre
             ... wielding a +0 giant club
              (25 damage)
             ... in the Dungeon (Sprint IX: "|||||||||||||||||||||||||||||").
             The game lasted 00:02:06 (268 turns).

SmokeWeed the Blocker (Minotaur Fighter)             Turns: 268, Time: 00:02:07

Health: -20/60     AC: 15    Str: 20    XL:     6   Next: 13%
Magic:  5/5        EV:  8    Int:  8    God:    Okawaru [......]
Gold:   0          SH:  6    Dex: 12    Spells: 5/5 levels left

rFire   . . .        n - +2 scimitar (flame)
rCold   . . .        c - +0 buckler
rNeg    . . .        o - +1 chain mail
rPois   .            (helmet restricted)
rElec   .            (no cloak)
rCorr   .            a - +0 pair of gloves
SInv    .            (no boots)
Will    .....        (no amulet) Stlth
                     p - +2 ring of protection
HPRegen 0.30/turn    q - +3 ring of intelligence
MPRegen 0.09/turn

%: no teleportation
@: hasted, invisible, very quick
A: horns 2, retaliatory headbutt
a: Renounce Religion


You were in the Dungeon.
You worshipped Okawaru.
Okawaru was noncommittal.
You visited 1 branch

Inventory:

Hand Weapons
 d - a +2 mace of holy wrath
 n - a +2 scimitar of flaming (weapon)
Armour
 a - a +0 pair of gloves (worn)
 b - a +0 scale mail
 c - a +0 buckler (worn)
 o - a +1 chain mail (worn)
Jewellery
 p - a +2 ring of protection (left hand)
 q - a +3 ring of intelligence (right hand)
Wands
 m - a wand of roots (10)
Scrolls
 j - 2 scrolls of blinking
 l - 2 scrolls of amnesia
Potions
 e - 5 potions of curing
 f - 3 potions of heal wounds
 h - 4 potions of magic
 i - a potion of berserk rage


   Skills:
 - Level 7.1 Fighting
 - Level 9.0 Long Blades
 - Level 8.0 Armour
 - Level 9.5 Shields


You had 5 spell levels left.
You didn't know any spells.
Your spell library was empty.

Dungeon Overview and Level Annotations

Branches:
Dungeon (1/1)

Altars:
Cheibriados
Dithmenos
Elyvilon
Fedhas
Gozag
Hepliaklqana
Kikubaaqudgha
Makhleb
Nemelex Xobeh
Okawaru
Qazlal
Ru
Sif Muna
Trog
Uskayaw
Vehumet
Wu Jian
Xom
Yredelemnul
Zin
The Shining One
Jiyva
Lugonu


Innate Abilities, Weirdness & Mutations

You have a pair of horns on your head.
You reflexively headbutt those who attack you in melee.


Message History

You have reached level 5!
The wyvern hisses angrily.
The centaur shouts!
You hit the wyvern. You burn the wyvern.
The wyvern is moderately wounded.
The centaur shouts!
The wyvern bites you!
You hit the wyvern. You burn the wyvern.
The wyvern is moderately wounded.
The centaur shouts!
You closely miss the wyvern.
The wyvern is moderately wounded.
The centaur shouts!
The wyvern closely misses you.
You barely miss the wyvern.
You headbutt the wyvern, but do no damage.
The wyvern is moderately wounded.
The wyvern barely misses you.
You slash the wyvern! You burn the wyvern.
The wyvern is severely wounded.
The wyvern bites you.
You slash the wyvern! You burn the wyvern.
You kill the wyvern!
Okawaru is honoured by your kill.
Your Shields skill gained 6 levels and is now at level 9!
You have reached level 6!
You slash the two-headed ogre! You burn the two-headed ogre.
The two-headed ogre is moderately wounded.
You slash the two-headed ogre! You burn the two-headed ogre.
The two-headed ogre is heavily wounded.
The two-headed ogre hits you but does no damage.
The two-headed ogre hits you with a +0 giant club!
You catch the helpless two-headed ogre completely off-guard!
You hit the two-headed ogre. You burn the two-headed ogre.
The two-headed ogre is heavily wounded.
You barely miss the two-headed ogre.
The two-headed ogre is heavily wounded.
The two-headed ogre hits you with a +0 giant club!!
* * * LOW HITPOINT WARNING * * *
The two-headed ogre hits you with a +0 giant club!!
You die...

▓)▓
▓.▓
▓[▓
▓.▓
▓.▓
▓.▓
▓.▓
▓'▓
▓@▓
▓O▓
▓O▓
▓O▓
▓c▓
▓.▓
▓+▓


You could see 3 two-headed ogres and a centaur (unable to see you).

Vanquished Creatures
  A wyvern (D)
  A scorpion (D)
  A howler monkey (D)
  An iguana (D)
  An orc wizard (D)
  A gnoll (D)
  A dart slug (D)
  An orc (D)
  A ball python (D)
  A hobgoblin (D)
  A bat (D)
  A kobold (D)
12 creatures vanquished.

Notes
Turn   | Place    | Note
-------+----------+-------------------------------------------
     0 | D        | SmokeWeed the Minotaur Fighter began the quest for the Orb.
     0 | D        | Reached XP level 1. HP: 19/19 MP: 0/0
    18 | D        | Reached skill level 5 in Fighting
    50 | D        | Noticed an orc wizard
    50 | D        | Noticed an iguana
    50 | D        | Noticed a scorpion
    53 | D        | Reached XP level 2. HP: 24/34 MP: 1/1
    57 | D        | Reached XP level 3. HP: 24/39 MP: 2/2
    58 | D        | Reached XP level 4. HP: 30/47 MP: 3/3
    63 | D        | Killed a scorpion
    85 | D        | Found a snail-covered altar of Cheibriados.
    85 | D        | Found a shadowy altar of Dithmenos.
    85 | D        | Found a white marble altar of Elyvilon.
    85 | D        | Found a blossoming altar of Fedhas.
    85 | D        | Found an opulent altar of Gozag.
    86 | D        | Found a hazy altar of Hepliaklqana.
    87 | D        | Found a viscous altar of Jiyva.
    88 | D        | Found an ancient bone altar of Kikubaaqudgha.
    89 | D        | Found a corrupted altar of Lugonu.
    90 | D        | Found a burning altar of Makhleb.
    91 | D        | Found a sparkling altar of Nemelex Xobeh.
    92 | D        | Found an iron altar of Okawaru.
    93 | D        | Found a stormy altar of Qazlal.
    94 | D        | Found a sacrificial altar of Ru.
    95 | D        | Found a shimmering blue altar of Sif Muna.
    96 | D        | Found a bloodstained altar of Trog.
    97 | D        | Found a hide-covered altar of Uskayaw.
    98 | D        | Found a radiant altar of Vehumet.
    99 | D        | Found an ornate altar of the Wu Jian Council.
   100 | D        | Became a worshipper of Warmaster Okawaru
   101 | D        | Found a shimmering altar of Xom.
   102 | D        | Found a basalt altar of Yredelemnul.
   103 | D        | Found a glowing silver altar of Zin.
   104 | D        | Found a glowing golden altar of the Shining One.
   252 | D        | Noticed a wyvern
   252 | D        | Noticed a two-headed ogre
   252 | D        | Noticed a centaur
   252 | D        | Noticed a two-headed ogre
   252 | D        | Noticed a two-headed ogre
   258 | D        | Reached XP level 5. HP: 49/52 MP: 4/4
   264 | D        | Killed a wyvern
   265 | D        | Reached XP level 6. HP: 37/60 MP: 5/5
   268 | D        | Demolished by a two-headed ogre

Illustrated notes

Levels and vault maps discovered:
D:        linesprint [early_d, line_temple, items_1, d_10, items_2, lair_1,
          lair_end, items_3, orc_1, orc_end, items_4, d_15, swamp_1, shoals_1,
          snake_1, spider_1, d_20, vaults_1, items_5, swamp_end, shoals_end,
          snake_end, spider_end, vaults_end, d_27, items_6, zot_1, zot_end,
          crypt_end, forest_end, elf_end, slime_end, tomb_end, abyss_end,
          pan_hell_end]

Skill      XL: |  1  2  3  4  5 |
---------------+----------------+-----
Fighting       | 7 |  7.1
Armour         | 6 8 |  8.0
Long Blades    | 9 |  9.0
Shields        | 9 |  9.5

Action                     |  1- 3 |  4- 6 || total
---------------------------+-------+-------++-------
  Melee: Long sword        |    22 |     6 ||    28
         Headbutt          |     4 |     3 ||     7
         Scimitar          |       |    14 ||    14
    Use: Potion            |     1 |     2 ||     3
   Stab: Invisible         |       |     2 ||     2
 Armour: Scale mail        |    13 |     4 ||    17
         Chain mail        |       |     8 ||     8
  Dodge: Dodged            |     8 |     3 ||    11
  Block: Buckler           |     7 |     1 ||     8
